 Dungeon Crawl Stone Soup version 0.27.1-35-g4d5d836560 (webtiles) character file.

Game seed: 3059708504301133947

15769 tkbsonic5 the Severer (level 12, -1/113 HPs)
             Began as a Minotaur Berserker on Dec 23, 2022.
             Was a High Priest of Trog.
             Slain by an orc knight (4 damage)
             ... on level 11 of the Dungeon on Dec 24, 2022.
             The game lasted 00:37:34 (11419 turns).

tkbsonic5 the Severer (Minotaur Berserker)         Turns: 11419, Time: 00:37:35

Health: -1/113     AC: 20    Str: 26    XL:     12   Next: 4%
Magic:  11/11      EV:  9    Int:  4    God:    Trog [*****.]
Gold:   74         SH:  0    Dex: 17    Spells: 11/11 levels left

rFire    . . .     SeeInvis .   r - +5 battleaxe (freeze)
rCold    . . .     Faith    +   (shield currently unavailable)
rNeg     . . .     Spirit   .   j - +2 chain mail
rPois    .         Reflect  .   (helmet restricted)
rElec    .         Harm     .   z - +2 cloak {rCorr}
rCorr    +         Rampage  .   (no gloves)
Will     ++...                  x - +1 pair of boots
Stlth    ..........             K - amulet of faith
HPRegen  1.28/turn              w - +4 ring of protection
MPRegen  0.12/turn              F - +6 ring of dexterity

@: about to teleport, strong-willed, on berserk cooldown, regenerating, slowed,
very slow
A: horns 2, retaliatory headbutt
a: Renounce Religion, Berserk, Trog's Hand, Brothers in Arms


You were on level 11 of the Dungeon.
You worshipped Trog.
Trog was extremely pleased with you.
You visited 1 branch of the dungeon, and saw 11 of its levels.

You collected 964 gold pieces.
You spent 890 gold pieces at shops.

Inventory:

Hand Weapons
 a - a +1 vampiric hand axe
 r - a +5 battleaxe of freezing (weapon)
Missiles
 e - 184 bolts
 A - 45 poisoned darts
Armour
 j - a +2 chain mail (worn)
 x - a +1 pair of boots (worn)
 z - a +2 cloak of preservation (worn)
Jewellery
 m - a ring of fire
 p - a ring of protection from fire
 w - a +4 ring of protection (left hand)
 y - a ring of protection from cold
 F - a +6 ring of dexterity (right hand)
 H - a ring of ice
 K - an amulet of faith (around neck)
 L - a ring of flight
Wands
 b - a wand of acid (3) (quivered)
 C - a wand of polymorph (17)
 E - a wand of digging (3)
 M - a wand of flame (20)
Scrolls
 d - a scroll of holy word
 i - a scroll of amnesia
 l - a scroll of enchant weapon
 q - a scroll of vulnerability {unknown}
 s - 2 scrolls of fear {unknown}
 u - a scroll of summoning {unknown}
 v - 2 scrolls of magic mapping
 B - a scroll of teleportation
 D - 2 scrolls of fog
Potions
 c - a potion of heal wounds {unknown}
 f - 4 potions of curing
 g - 3 potions of resistance
 h - a potion of berserk rage
 k - 2 potions of flight
 n - a potion of lignification {unknown}
 t - 2 potions of degeneration {unknown}
 G - a potion of mutation {unknown}
 I - a potion of might {unknown}


   Skills:
 + Level 12.5 Fighting
 * Level 15.0 Axes
 * Level 10.8 Throwing
 - Level 2.4 Armour
 - Level 2.1 Dodging


You had 11 spell levels left.
You didn't know any spells.
Your spell library was empty.

Dungeon Overview and Level Annotations

Branches:
Dungeon (11/15)            Temple (0/1) D:4
   Lair: D:8-11         Orc: D:9-12

Altars:
Dithmenos
Fedhas
Kikubaaqudgha
Makhleb
Okawaru
Sif Muna
Uskayaw
Vehumet

Shops:
D:11 *


Innate Abilities, Weirdness & Mutations

You have a pair of horns on your head.
You reflexively headbutt those who attack you in melee.


Message History

The orc knight hits you from afar with a +0 halberd.
Okay, then.
Okay, then.
Okay, then.
The purple ugly thing barely misses you.
You furiously retaliate!
You headbutt the purple ugly thing. The orc knight completely misses you.
You are too injured to fight recklessly!
Aiming: Corrosive Bolt
Press: ? - help, Q - select action, (/) - cycle Shift-Dir - straight line, f - purple ugly thing
Aim: a purple ugly thing (heavily wounded, 71% to hit)
The bolt of acid hits the purple ugly thing!
The purple ugly thing is splashed with acid.
The acid corrodes the purple ugly thing!
The purple ugly thing is heavily wounded.
The bolt of acid hits the orc knight.
The orc knight is splashed with acid.
The acid corrodes the orc knight!
The orc knight is lightly wounded.
The purple ugly thing trunk-slaps you.
The orc knight hits you from afar with a +0 halberd!!
* * * LOW HITPOINT WARNING * * *
The purple ugly thing barely misses you.
As you read the scroll of teleportation, it crumbles to dust.
You feel strangely unstable.
The orc knight hits you but does no damage.
The purple ugly thing barely misses you.
The orc knight hits you from afar with a +0 halberd!
* * * LOW HITPOINT WARNING * * *
Your skin crawls.
You feel strong-willed. The purple ugly thing trunk-slaps you.
* * * LOW HITPOINT WARNING * * *
The orc knight hits you but does no damage.
The purple ugly thing trunk-slaps you but does no damage.
Your ogre goes berserk!
The orc knight hits you from afar with a +0 halberd!
* * * LOW HITPOINT WARNING * * *
The purple ugly thing trunk-slaps you but does no damage.
The orc knight hits you from afar with a +0 halberd.
You die...

## .## #### ..#
##..##..# #
#....#.# .###.
+..##.##..'..#
#o##.#....#
#u#..##..##
#@#...#####
#O##......#
#####'#########+##
#......#..##.#.#.#
#.###.###)#.......
#...#..##.#.#.#
##.###.#.......
#...#..'#.#.#.#
##.###.#.......


You could see an orc knight (corroded), a purple ugly thing (corroded, ally
target) and a friendly ogre (summoned, berserk).

Vanquished Creatures
  Erica (D:9)
  A centaur warrior (D:11)
  3 two-headed ogres
  A tengu warrior (D:10)
  A deep elf pyromancer (D:8)
  2 cyclopes
  A manticore (D:10)
  5 centaur zombies
  Maurice (D:11)
  A kobold demonologist (D:11)
  A gargoyle (D:11)
  3 trolls
  3 shadows
  13 yaks
  3 steam dragons
  A water moccasin (D:5)
  A hornet zombie (D:8)
  An ice beast (D:7)
  7 orc warriors
  2 sky beasts
  A necrophage (D:6)
  A black bear (D:7)
  6 centaurs
  3 ogres
  3 phantoms
  3 kobold brigands
  2 scorpions
  17 killer bees (D:9)
  7 wights
  9 howler monkeys
  A jelly (D:8)
  A bullfrog zombie (D:6)
  2 gnoll shamans
  A hound (D:5)
  2 orc priests (D:9)
  Crazy Yiuf (D:7)
  2 bullfrog skeletons
  A centaur skeleton (D:6)
  Ijyb (D:4)
  2 iguanas
  13 orc wizards
  A hound skeleton (D:5)
  14 gnolls
  7 adders
  4 ufetubi
  A worm (D:5)
  2 dart slugs (D:3)
  30 orcs
  7 ball pythons
  10 endoplasms
  3 giant cockroaches
  8 goblins
  4 hobgoblins
  2 jackals (D:4)
  16 kobolds
  3 quokkas
  8 bats
  3 frilled lizards
  8 rats
262 creatures vanquished.

Vanquished Creatures (collateral kills)
  An orb spider (shapeshifter) (D:11)
1 creature vanquished.

Grand Total: 263 creatures vanquished

Notes
Turn   | Place    | Note
-------+----------+-------------------------------------------
     0 | D:1      | tkbsonic5 the Minotaur Berserker began the quest for the
                  | Orb.
     0 | D:1      | Reached XP level 1. HP: 19/19 MP: 0/0
   146 | D:1      | Found a faded altar of an unknown god.
   378 | D:1      | Reached skill level 4 in Axes
   412 | D:1      | Reached XP level 2. HP: 27/27 MP: 1/1
  1140 | D:2      | Reached XP level 3. HP: 24/34 MP: 2/2
  1142 | D:2      | Reached ** piety under Trog
  1967 | D:3      | Reached skill level 5 in Axes
  1973 | D:3      | Reached XP level 4. HP: 22/41 MP: 3/3
  1975 | D:3      | Reached skill level 5 in Fighting
  2333 | D:3      | Noticed a sky beast
  2343 | D:3      | Killed a sky beast
  2344 | D:3      | Reached skill level 6 in Axes
  2344 | D:3      | Reached XP level 5. HP: 50/50 MP: 4/4
  2507 | D:3      | Found an ancient bone altar of Kikubaaqudgha.
  2831 | D:4      | Noticed an ogre
  2846 | D:4      | Killed an ogre
  2847 | D:4      | Reached XP level 6. HP: 58/58 MP: 5/5
  2965 | D:4      | Found a shimmering blue altar of Sif Muna.
  2965 | D:4      | Found a burning altar of Makhleb.
  3100 | D:4      | Reached skill level 7 in Axes
  3204 | D:4      | Noticed Ijyb
  3213 | D:4      | Killed Ijyb
  3295 | D:4      | Reached XP level 7. HP: 66/66 MP: 6/6
  3443 | D:4      | Found a staircase to the Ecumenical Temple.
  3510 | D:5      | Entered Level 5 of the Dungeon
  3510 | D:5      | Noticed a yak
  3512 | D:5      | Noticed a yak
  3512 | D:5      | Noticed a yak
  3515 | D:5      | Noticed a yak
  3516 | D:5      | Noticed a yak
  3526 | D:5      | Killed a yak
  3530 | D:5      | Killed a yak
  3531 | D:5      | Reached skill level 8 in Axes
  3538 | D:5      | Killed a yak
  3544 | D:5      | Killed a yak
  3545 | D:5      | Reached skill level 9 in Axes
  3545 | D:5      | Reached XP level 8. HP: 75/77 MP: 7/7
  3706 | D:5      | Reached skill level 1 in Throwing
  4323 | D:5      | Reached *** piety under Trog
  4324 | D:5      | Reached skill level 10 in Axes
  4777 | D:6      | Reached XP level 9. HP: 85/85 MP: 8/8
  5085 | D:6      | Reached skill level 10 in Fighting
  5180 | D:6      | Reached skill level 11 in Axes
  5180 | D:6      | Reached skill level 5 in Throwing
  5280 | D:6      | Found a radiant altar of Vehumet.
  5880 | D:7      | Found a runed translucent door.
  5881 | D:7      | Noticed Crazy Yiuf
  5920 | D:7      | Killed Crazy Yiuf
  6369 | D:8      | Reached **** piety under Trog
  6555 | D:8      | Noticed a +0 short sword
  6557 | D:8      | Noticed a +0 spear
  6557 | D:8      | Noticed a +0 dagger
  6557 | D:8      | Noticed a +0 falchion
  6557 | D:8      | Noticed a +0 spear
  6558 | D:8      | Noticed a +0 falchion
  6558 | D:8      | Noticed a +0 short sword
  6559 | D:8      | Noticed a +0 dagger
  6560 | D:8      | Found a hide-covered altar of Uskayaw.
  6618 | D:8      | Reached XP level 10. HP: 94/94 MP: 9/9
  6661 | D:8      | Noticed a deep elf pyromancer
  6666 | D:8      | Killed a deep elf pyromancer
  6667 | D:8      | Reached skill level 12 in Axes
  8105 | D:9      | Reached ***** piety under Trog
  8163 | D:9      | Found a shadowy altar of Dithmenos.
  8207 | D:9      | Noticed Erica
  8213 | D:9      | Killed Erica
  8214 | D:9      | Reached skill level 13 in Axes
  8218 | D:9      | Noticed a cyclops
  8235 | D:9      | Killed a cyclops
  8497 | D:9      | Reached XP level 11. HP: 91/102 MP: 10/10
  9024 | D:10     | Entered Level 10 of the Dungeon
  9024 | D:10     | Noticed a two-headed ogre
  9027 | D:10     | Killed a two-headed ogre
  9283 | D:10     | Found an iron altar of Okawaru.
  9658 | D:10     | Found a runed translucent door.
  9669 | D:10     | Noticed a two-headed ogre
  9676 | D:10     | Noticed a tengu warrior
 10167 | D:10     | Found a blossoming altar of Fedhas.
 10291 | D:10     | Killed a tengu warrior
 10292 | D:10     | Reached skill level 14 in Axes
 10297 | D:10     | Killed a two-headed ogre
 10582 | D:11     | Found Fonwiqeu's Fabulous Fripperies.
 10587 | D:11     | Bought an amulet of faith for 520 gold pieces
 10587 | D:11     | Bought a ring of flight for 227 gold pieces
 10587 | D:11     | Bought a wand of flame (20) for 143 gold pieces
 10596 | D:11     | Noticed Maurice
 10602 | D:11     | Killed Maurice
 10603 | D:11     | Reached skill level 10 in Throwing
 11019 | D:11     | Noticed a two-headed ogre
 11029 | D:11     | Killed a two-headed ogre
 11049 | D:11     | Received a gift from Trog
 11068 | D:11     | Noticed a centaur warrior
 11076 | D:11     | Killed a centaur warrior
 11174 | D:11     | Noticed an orb spider
 11178 | D:11     | Killed an orb spider
 11179 | D:11     | Reached skill level 15 in Axes
 11179 | D:11     | Reached XP level 12. HP: 90/113 MP: 11/11
 11279 | D:11     | Noticed a boulder beetle
 11419 | D:11     | HP: 3/113 [orc knight (12)]
 11419 | D:11     | Slain by an orc knight

Illustrated notes

Levels and vault maps discovered:
D:1:      psy_arrival_conway, layout_basic, shapermc_ecumenical_altar_pompeii,
          columned_hall_lemuel
D:2:      layout_rooms
D:3:      layout_basic, kiku_gazebo_pond_becter, kennysheep_path_1,
          kennysheep_donut, chequers_serial_rivers_room_a
D:4:      layout_rooms, chequers_temple_overflow_statue_of_worship, temple_hall,
          kennysheep_generic_room_4, uniq_ijyb
D:5:      layout_rooms, serial_rivers, chequers_serial_rivers_small_3,
          chequers_serial_rivers_room_b, chequers_serial_rivers_micro_a,
          chequers_serial_rivers_micro_e, cheibrodos_sewer_entry_bend
D:6:      layout_cave_pools, kennysheep_little_box, serial_park_tiny_pond
D:7:      layout_cave_pools, uniq_crazy_yiuf_cottage
D:8:      layout_basic, nicolae_uskayaw_en_pointe, kb_rosetta
D:9:      minmay_goldmine, layout_irregular_city, overflow_temple_1_default,
          uniq_erica
D:10:     layout_cave_pods, fedhas_bush_and_centaur_altar,
          mainiacjoe_overflow_cross_hatched, grunt_ministairs_8,
          minmay_st_funbox
D:11:     minmay_the_grid_4x2 [minmay_the_grid_outer_diamond,
          minmay_the_grid_minigrid_small_alt, minmay_the_grid_slots,
          minmay_the_grid_empty, minmay_the_grid_fan,
          minmay_the_grid_minigrid_small, minmay_the_grid_tri_star,
          minmay_the_grid_prize_trominoes], layout_basic, david_orc_2,
          nicolae_alphabet_shops, palyth_stone_intersect, uniq_maurice

Skill      XL: |  1  2  3  4  5  6  7  8  9 10 11 |
---------------+----------------------------------+-----
Fighting       | 4 5 6 7 8 9 10 11 12 | 12.5
Axes           | 4 5 6 7 9 10 11 13 15 | 15.0
Throwing       | 3 6 8 10 | 10.8
Armour         | |  2.4
Dodging        | |  2.1

Action                   |  1- 3 |  4- 6 |  7- 9 | 10-12 || total
-------------------------+-------+-------+-------+-------++-------
Melee: Hand axe          |    91 |    88 |    70 |       ||   249
       Headbutt          |    10 |    10 |    27 |    31 ||    78
       Battleaxe         |       |       |    86 |   165 ||   251
Throw: Boomerang         |       |       |    49 |       ||    49
       Dart              |       |       |       |    24 ||    24
Invok: Berserk           |     3 |     3 |     4 |     9 ||    19
       Trog's Hand       |     1 |     2 |     2 |     6 ||    11
       Brothers in Arms  |       |       |       |     2 ||     2
Evoke: Wand              |       |       |    49 |    25 ||    74
  Use: Scroll            |     2 |     8 |     3 |     7 ||    20
       Potion            |       |       |       |     2 ||     2
Armor: Animal skin       |    12 |       |       |       ||    12
       Chain mail        |    14 |    55 |    82 |   117 ||   268
Dodge: Dodged            |    49 |    25 |    52 |    96 ||   222
